 Dungeon Crawl Stone Soup version 0.28.0-49-g6dfe1f597d (webtiles) character file.

Game seed: 10594102010652669946

26 Peloso the Shield-Bearer (level 2, -1/27 HPs)
             Began as a Minotaur Fighter on May 17, 2022.
             Succumbed to a kobold's poison
             ... on level 1 of the Dungeon.
             The game lasted 00:00:59 (636 turns).

Peloso the Shield-Bearer (Minotaur Fighter)          Turns: 636, Time: 00:00:59

Health: -1/27      AC:  9    Str: 20    XL:     2   Next: 89%
Magic:  1/1        EV:  7    Int:  5    God:
Gold:   76         SH:  4    Dex:  9    Spells: 1/1 levels left

rFire   . . .      SeeInvis .   a - +0 long sword
rCold   . . .      Faith    .   h - +0 buckler
rNeg    . . .      Spirit   .   b - +0 chain mail
rPois   .          Reflect  .   (helmet restricted)
rElec   .          Harm     .   (no cloak)
rCorr   .          Rampage  .   (no gloves)
Will    .....                   (no boots)
Stlth   ..........              (no amulet)
HPRegen 0.09/turn               (no ring)
MPRegen 0.07/turn               (no ring)

@: lethally poisoned (-1 -> -18)
A: horns 2, retaliatory headbutt
a: no special abilities


You were on level 1 of the Dungeon.
You visited 1 branch of the dungeon, and saw 1 of its levels.

You collected 76 gold pieces.

Inventory:

Hand Weapons
 a - a +0 long sword (weapon)
Armour
 b - a +0 chain mail (worn)
 c - a +0 scale mail
 h - a +0 buckler (worn)
Scrolls
 e - a scroll of holy word {unknown}
 f - a scroll of teleportation {unknown}
 i - a scroll of summoning {unknown}
Potions
 d - a potion of might
 g - a potion of mutation {unknown}


   Skills:
 + Level 4.0 Fighting
 + Level 2.9 Long Blades
 + Level 3.9 Armour
 + Level 4.2 Shields


You had one spell level left.
You didn't know any spells.
Your spell library was empty.

Dungeon Overview and Level Annotations

Branches:
Dungeon (1/15)

Altars:


Innate Abilities, Weirdness & Mutations

You have a pair of horns on your head.
You reflexively headbutt those who attack you in melee.


Message History

You see here a rat corpse.
You open the door. 2 kobolds come into view.
A kobold is wielding a +2 short sword of venom.
The kobold shouts! x2
A bat comes into view.
An endoplasm comes into view.
Found a mace.
There are monsters nearby!
There are monsters nearby!
There are monsters nearby!
You closely miss the kobold.
The endoplasm quivers.
A rat comes into view.
The kobold barely misses you.
You hit the kobold.
The kobold is heavily wounded.
The kobold hits you but does no damage.
You are poisoned.
The kobold hits you but does no damage.
You barely miss the kobold.
The kobold is heavily wounded.
You feel very sick.
The kobold hits you with a +2 short sword of venom.
You barely miss the kobold.
The kobold is heavily wounded.
You feel sick.
The kobold hits you with a +2 short sword of venom.
You are lethally poisoned!
You barely miss the kobold.
The kobold is heavily wounded.
You feel very sick. The kobold closely misses you.
The kobold hits you but does no damage.
You are more poisoned.
You slash the kobold!
You kill the kobold!
* * * LOW HITPOINT WARNING * * *
You feel very sick. You block the bat's attack.
You barely miss the rat.
You die...

....'....#.#.# #.#
#####....#...# #.# #....#...#
### #.# #....#...# #.. #.#
#....#...#.#.# #.#
#####....#...#.#.##########.#
#..........#.#..............#
#.....######>###.############
#.....## ### #@# ####...# #r#
#...#


JK. #.(.# ..)b. #...# ....... #...# ........# #...# #####+#### #...# ##+## You
could see an endoplasm, a bat, a kobold and a rat.

Vanquished Creatures
  A dart slug (D:1)
  A ball python (D:1)
  2 endoplasms (D:1)
  A goblin (D:1)
  5 hobgoblins (D:1)
  3 jackals (D:1)
  A kobold (D:1)
  2 bats (D:1)
  3 frilled lizards (D:1)
  2 rats (D:1)
21 creatures vanquished.

Notes
Turn   | Place    | Note
-------+----------+-------------------------------------------
     0 | D:1      | Peloso the Minotaur Fighter began the quest for the Orb.
     0 | D:1      | Reached XP level 1. HP: 19/19 MP: 0/0
   194 | D:1      | Reached XP level 2. HP: 27/27 MP: 1/1
   249 | D:1      | Found a faded altar of an unknown god.
   636 | D:1      | Succumbed to a kobold's poison

Illustrated notes

Levels and vault maps discovered:
D:1:      lightli_arrival_farm, layout_basic, ebering_ecumenical_altar_abandoned

Skill      XL: |  1  2 |
---------------+-------+-----
Shields        | 4 |  4.2
Fighting       | 4 |  4.0
Long Blades    | |  2.9
Armour         | |  3.9

Action                   || total
-------------------------++-------
Melee: Long sword        ||    45
       Headbutt          ||     5
Armor: Chain mail        ||    16
       Scale mail        ||     1
Dodge: Dodged            ||    11
Block: Buckler           ||    12
